 Dungeon Crawl Stone Soup version 0.24.0-125-gc4c63601f3 (webtiles) character file.

Game seed: 6060246413815226058, levelgen mode: deterministic

85 Descartes the Caller (level 4, -7/30 HPs)
             Began as a Barachi Summoner on Mar 11, 2020.
             Killed from afar by Sigmund (9 damage)
             ... with a puff of flame
             ... on level 3 of the Dungeon.
             The game lasted 00:11:05 (3856 turns).

Descartes the Caller (Barachi Summoner)             Turns: 3856, Time: 00:11:05

Health: -7/30      AC:  4    Str:  9    XL:     4   Next: 48%
Magic:  7/8        EV: 13    Int: 17    God:
Gold:   64         SH:  0    Dex: 12    Spells: 8/9 levels left

rFire    . . .     SeeInvis .   f - +0 short sword
rCold    . . .     Gourm    .   (no shield)
rNeg     . . .     Faith    .   j - +0 robe (curse)
rPois    .         Spirit   .   o - +0 helmet
rElec    .         Reflect  .   (no cloak)
rCorr    .         Harm     .   (no gloves)
MR       .....                  i - +0 pair of boots (curse)
Stlth    ++........             (no amulet)
HPRegen  0.10/turn              (no ring)
MPRegen  0.11/turn              (no ring)

@: slow
A: +LOS, swims, slowness 1, strong legs 1
a: Hop


You were on level 3 of the Dungeon.
You were not hungry.

You visited 1 branch of the dungeon, and saw 3 of its levels.

You collected 64 gold pieces.

Inventory:

Hand Weapons
 f - a +0 short sword (weapon)
Missiles
 d - 96 stones (quivered)
 h - 20 bolts
 l - 17 arrows
Armour
 a - a +0 robe
 i - a cursed +0 pair of boots (worn)
 j - a cursed +0 robe (worn)
 o - a +0 helmet (worn)
 r - a +0 leather armour
Wands
 g - a wand of flame (21)
 m - a wand of disintegration (13)
Scrolls
 b - a scroll of remove curse {unknown}
 e - a scroll of enchant weapon
Potions
 k - a potion of lignification
 n - a potion of flight {unknown}
 p - a potion of heal wounds
Comestibles
 c - 3 rations
 q - 6 chunks of flesh


   Skills:
 + Level 1.5 Armour
 + Level 3.1 Dodging
 + Level 2.7 Stealth
 + Level 3.0 Spellcasting
 - Level 5.0 Summonings


You had 8 spell levels left.
You knew the following spells:

 Your Spells              Type           Power        Failure   Level  Hunger
a - Summon Small Mammal   Summ           ###.         2%          1    None

Your spell library contained the following spells:

 Spells                   Type           Power        Failure   Level  Hunger
 Call Imp                 Summ           ###.....     3%          2    ##.....
 Call Canine Familiar     Summ           ###.....     7%          3    ###....
 Summon Guardian Golem    Hex/Summ       ##......     19%         3    ###....
 Summon Ice Beast         Ice/Summ       ##......     52%         4    ####...
 Summon Lightning Spire   Summ/Air       ##......     52%         4    ####...


Dungeon Overview and Level Annotations

Branches:
Dungeon (3/15)

Altars:

Annotations:
D:3 Robin, Sigmund


Innate Abilities, Weirdness & Mutations

Shadows flee at your approach. (+LOS)
You can swim through water.
You cover ground slowly.
You can hop short distances.


Message History

Your bat hits Sigmund but does no damage.
Your bat barely misses Sigmund.
Sigmund points at you and mumbles some strange words.
The puff of flame hits you.
* * * LOW HITPOINT WARNING * * *
You swap places.
Your bat barely misses Sigmund.
Your bat closely misses Sigmund.
Your bat misses Sigmund. Sigmund hits you with a +0 scythe.
* * * LOW HITPOINT WARNING * * *
You swap places.
Your bat barely misses Sigmund.
Your bat hits Sigmund but does no damage.
Your quokka closely misses Sigmund.
Sigmund casts a spell at you. The puff of flame hits your quokka!
Your quokka dies!
Your quokka's corpse disappears in a puff of smoke!
Your bat closely misses Sigmund.
Sigmund points at you and mumbles some strange words.
The puff of flame hits you!
You die...

##### # #.$. .#
#######.###.#
#.....@.§..$#
#..####§#b..# #..#
#.@...#
#..######..########
#.......)......<).#
#...#####..######.#
#...# #..# #.#####
#####...#####..#
#......
#...............
#.#.###


You could see Sigmund and a friendly bat.

Vanquished Creatures
  2 adders
  An ooze (D:2)
  4 orcs (D:3)
  3 giant cockroaches
  8 goblins
  4 hobgoblins
  A jackal (D:3)
  2 bats
  3 frilled lizards
  A kobold (D:2)
  6 rats
35 creatures vanquished.

Vanquished Creatures (collateral kills)
  2 adders (D:2)
  3 worms
  3 orcs (D:3)
  3 hobgoblins
  2 jackals (D:3)
  2 kobolds (D:1)
  A bat (D:2)
  A frilled lizard (D:3)
  A rat (D:3)
18 creatures vanquished.

Grand Total: 53 creatures vanquished

Notes
Turn   | Place    | Note
-------+----------+-------------------------------------------
     0 | D:1      | Descartes the Barachi Summoner began the quest for the Orb.
     0 | D:1      | Reached XP level 1. HP: 13/13 MP: 3/3
   606 | D:1      | Reached XP level 2. HP: 19/19 MP: 5/5
   778 | D:2      | Reached skill level 5 in Summonings
  1595 | D:2      | Reached XP level 3. HP: 13/24 MP: 3/6
  2314 | D:2      | Reached skill level 1 in Armour
  2731 | D:3      | Reached XP level 4. HP: 17/30 MP: 2/8
  3233 | D:3      | Noticed Robin
  3830 | D:3      | Noticed Sigmund
  3856 | D:3      | Killed from afar by Sigmund

Levels and vault maps discovered:
D:1:      dpeg_arrival_concentric_ovals, layout_basic
D:2:      minmay_chambers_of_twos, layout_loops_corners, nrook_mini_vaults,
          minmay_stone_trees_medium, corexii_leaking_fountain
D:3:      layout_loops_ring, uniq_sigmund, uniq_robin

Skill      XL: |  1  2  3  4 |
---------------+-------------+-----
Stealth        | 2 |  2.7
Summonings     | 5 |  5.0
Armour         | 1 |  1.5
Dodging        | 3 |  3.1
Spellcasting   | 3 |  3.0

Action                   |  1- 3 |  4- 6 || total
-------------------------+-------+-------++-------
Melee: Short sword       |   120 |    93 ||   213
 Cast: Summon Small Mamm |    33 |    25 ||    58
  Use: Scroll            |     2 |     1 ||     3
 Stab: Sleeping          |     3 |       ||     3
  Eat: Chunk             |     7 |     2 ||     9
       Ration            |       |     1 ||     1
Armor: Robe              |    28 |    27 ||    55
Dodge: Dodged            |   102 |    76 ||   178
